 Dungeon Crawl Stone Soup version 0.28-a0-1524-ge72afd5fc6 (webtiles) character file.

Game seed: 15246277248025715716

7 issech the Vexing (level 1, -1/11 HPs)
             Began as a Deep Elf Arcane Marksman on Jan 17, 2022.
             Slain by a hobgoblin (3 damage)
             ... on level 1 of the Dungeon.
             The game lasted 00:02:11 (233 turns).

issech the Vexing (Deep Elf Arcane Marksman)         Turns: 233, Time: 00:02:14

Health: -1/11      AC:  2    Str:  7    XL:     1   Next: 91%
Magic:  5/5        EV: 12    Int: 17    God:
Gold:   7          SH:  0    Dex: 15    Spells: 2/3 levels left

rFire   . . .      SeeInvis .   a - +0 shortbow
rCold   . . .      Faith    .   (shield currently unavailable)
rNeg    . . .      Spirit   .   d - +0 robe
rPois   .          Reflect  .   (no helmet)
rElec   .          Harm     .   (no cloak)
rCorr   .          Rampage  .   (no gloves)
Will    .....                   (no boots)
Stlth   +.........              (no amulet)
HPRegen 0.03/turn               (no ring)
MPRegen 0.09/turn               (no ring)

@: no status effects
A: no striking features
a: no special abilities


You were on level 1 of the Dungeon.
You visited 1 branch of the dungeon, and saw 1 of its levels.

You collected 7 gold pieces.

Inventory:

Hand Weapons
 a - a +0 shortbow (weapon)
 b - a +0 club
Missiles
 c - 9 arrows (quivered ammo)
Armour
 d - a +0 robe (worn)


   Skills:
 + Level 0.7 Fighting
 + Level 2.8 Bows
 + Level 2.5 Dodging
 + Level 1.5 Spellcasting
 + Level 4.6 Hexes


You had 2 spell levels left.
You knew the following spells:

 Your Spells              Type           Power      Damage    Failure   Level
a - Slow                  Hex            68%        N/A       3%          1

Your spell library contained the following spells:

 Spells                   Type           Power      Damage    Failure   Level
 Inner Flame              Hex/Fire       9%         N/A       24%         3
 Portal Projectile        Hex/Tloc       18%        N/A       24%         3
 Cause Fear               Hex            8%         N/A       30%         4


Dungeon Overview and Level Annotations

Branches:
Dungeon (1/15)

Altars:


Message History

Fire: 15 arrows
Press: ? - help, Q - select action, (/) - cycle Shift-Dir - straight line, f/p - hobgoblin
Aim: a hobgoblin (59% to hit)
You shoot an arrow. The arrow barely misses the hobgoblin.
The hobgoblin closely misses you.
Fire: 14 arrows
Press: ? - help, Q - select action, (/) - cycle Shift-Dir - straight line, f/p - hobgoblin
Aim: a hobgoblin (59% to hit)
You shoot an arrow.
The arrow hits the hobgoblin but does no damage.
The hobgoblin hits you. The hobgoblin misses you.
Fire: 13 arrows
Press: ? - help, Q - select action, (/) - cycle Shift-Dir - straight line, f/p - hobgoblin
Aim: a hobgoblin (59% to hit)
You shoot an arrow.
The arrow hits the hobgoblin but does no damage.
The hobgoblin closely misses you.
Fire: 12 arrows
Press: ? - help, Q - select action, (/) - cycle Shift-Dir - straight line, f/p - hobgoblin
Aim: a hobgoblin (59% to hit)
You shoot an arrow.
The arrow hits the hobgoblin but does no damage.
The hobgoblin hits you.
* * * LOW HITPOINT WARNING * * *
You see here a kobold corpse.
Found a ring mail.
The hobgoblin hits you.
* * * LOW HITPOINT WARNING * * *
A rat comes into view.
Fire: 11 arrows
Press: ? - help, Q - select action, (/) - cycle Shift-Dir - straight line, f/p - hobgoblin
Aim: a hobgoblin (59% to hit)
You shoot an arrow. The arrow closely misses the hobgoblin.
The hobgoblin closely misses you. x2; The rat barely misses you.
Fire: 10 arrows
Press: ? - help, Q - select action, (/) - cycle Shift-Dir - straight line, f/p - hobgoblin
Aim: a hobgoblin (59% to hit)
You shoot an arrow. The arrow closely misses the hobgoblin.
The hobgoblin hits you.
You die...

#...........##
###..........$$.
#........#......
#######.##.....####.##
..........>..#.####.#
#...........##(.(.##
#..............##...
#..r....##..#..####.
#..@g..(##........#.
#..............##.#.
#.......##..##.##.#.
#######.##.....†....
....###....†. #####
#.##### #.#####
#...... #.###.#


You could see a hobgoblin and a rat.

Vanquished Creatures
  A dart slug (D:1)
  A ball python (D:1)
  A hobgoblin (D:1)
  A kobold (D:1)
  2 rats (D:1)
6 creatures vanquished.

Notes
Turn   | Place    | Note
-------+----------+-------------------------------------------
     0 | D:1      | issech the Deep Elf Arcane Marksman began the quest for the
                  | Orb.
     0 | D:1      | Reached XP level 1. HP: 11/11 MP: 5/5
   233 | D:1      | Slain by a hobgoblin

Illustrated notes

Levels and vault maps discovered:
D:1:      ncdulo_lavacross, layout_basic

Action                   || total
-------------------------++-------
 Fire: Shortbow          ||    20
Armor: Robe              ||     2
Dodge: Dodged            ||     9

Table legend: (Time is in decaauts)
 A = Elapsed time spent in this place.
 B = Non-inter-level travel time spent in this place.
 C = Inter-level travel time spent in this place.
 D = Time resting spent in this place.
 E = Time spent auto-exploring this place.
 F = Levels seen in this place.
 G = Mean time per level.
                   A        B        C        D        E       F      G
               +--------+--------+--------+--------+--------+-----+--------+
         Total |    236 |    236 |      0 |    129 |     17 |   1 |  236.0 |
       Dungeon |    236 |    236 |      0 |    129 |     17 |   1 |  236.0 |
               +--------+--------+--------+--------+--------+-----+--------+

Top non-repeatable levels by time:
     D:1: 236 daAuts
